 Dungeon Crawl Stone Soup version 0.24.0-123-gd5b16e6ec5 (webtiles) character file.

Game seed: 15175123902582508627, levelgen mode: deterministic

347 HawFromDerth the Slasher (level 6, 0/56 HPs)
             Began as a Minotaur Abyssal Knight on Feb 12, 2020.
             Was a Priest of Lugonu.
             Killed from afar by an orc wizard (2 damage)
             ... with a magic dart
             ... on level 4 of the Dungeon.
             The game lasted 00:11:48 (2757 turns).

HawFromDerth the Slasher (Minotaur Abyssal Knight)  Turns: 2757, Time: 00:11:50

Health: 0/56       AC:  9    Str: 23    XL:     6   Next: 33%
Magic:  6/6        EV: 11    Int: 14    God:    Lugonu [***...]
Gold:   183        SH:  0    Dex:  9    Spells: 5/5 levels left

rFire    . . .     SeeInvis .   a - +1 falchion
rCold    . . .     Gourm    .   (no shield)
rNeg     . . .     Faith    .   b - +1 ring mail
rPois    .         Spirit   .   (helmet restricted)
rElec    .         Reflect  .   k - +0 cloak
rCorr    .         Harm     .   (no gloves)
MR       .....                  p - +0 pair of boots
Stlth    ..........             g - amulet of regeneration
HPRegen  0.58/turn              l - +4 ring of strength
MPRegen  0.10/turn              (no ring)

@: confused, brilliant, flying
A: retaliatory headbutt, horns 2
a: Depart the Abyss, Bend Space, Banish, Renounce Religion


You were on level 4 of the Dungeon.
You worshipped Lugonu.
Lugonu was most pleased with you.
You were very hungry.

You visited 1 branch of the dungeon, and saw 4 of its levels.
You visited the Abyss 1 time.

You collected 183 gold pieces.

Inventory:

Hand Weapons
 a - a +1 falchion (weapon)
Armour
 b - a +1 ring mail (worn)
 k - a +0 cloak (worn)
 p - a +0 pair of boots (worn)
Jewellery
 g - an amulet of regeneration (around neck)
 l - a +4 ring of strength (left hand)
Scrolls
 d - 7 scrolls of identify
 f - a scroll of remove curse
 o - 3 scrolls of enchant armour
 r - a scroll of enchant weapon {unknown}
 s - 2 scrolls of amnesia {unknown}
 t - a scroll of teleportation
Potions
 e - 3 potions of magic
 h - a potion of brilliance
 i - a potion of might {unknown}
 j - 2 potions of ambrosia
 m - 2 potions of flight
 n - 2 potions of heal wounds {unknown}
 q - a potion of agility {unknown}
Comestibles
 c - 15 rations


   Skills:
 + Level 5.2 Fighting
 + Level 5.6 Long Blades
 + Level 4.3 Armour
 + Level 2.4 Dodging
 + Level 0.1 Stealth
 + Level 1.8 Invocations


You had 5 spell levels left.
You didn't know any spells.
Your spell library was empty.

Dungeon Overview and Level Annotations

Branches:
Dungeon (4/15)
 Temple: D:4-7

Altars:

Shops:
D:4 *


Innate Abilities, Weirdness & Mutations

You reflexively headbutt those who attack you in melee.
You have a pair of horns on your head.


Message History

* * * LOW HITPOINT WARNING * * *
It was a potion of flight.
You feel very buoyant.
You fly up into the air.
Something hits you.
* * * LOW HITPOINT WARNING * * *
Something hits you but does no damage.
It was a potion of brilliance.
You feel clever all of a sudden.
You hear some strange, mumbled words.
A puff of flame appears from out of thin air!
The puff of flame hits you.
* * * LOW HITPOINT WARNING * * *
It was a potion of ambrosia.
You are confused.
You feel invigorated. Something hits you.
* * * LOW HITPOINT WARNING * * *
You hear some strange, mumbled words.
A magic dart appears from out of thin air!
The magic dart hits you.
You die...

#..##.......## ##........#
##..#.......####........##
#...#......#............#
##..##...............#...
####.......................
..................#..##....
#................#...#..##.
#.............#...#.#.###
##....{@....##.......##.
##.....................
##...........###.......
##..##........##.####...
#>.####.......# #... #.).#
#.......# ###..#
.......###.......## #...##
##..#..............# ##....
#.###...<.........####...#.


There were no monsters in sight!

Vanquished Creatures
  Crazy Yiuf (D:2)
  2 hounds
  An iguana (D:4)
  2 orc wizards
  Robin (D:3)
  3 gnolls (D:2)
  3 adders (D:2)
  2 leopard geckos
  14 orcs
  4 bats
  A giant cockroach (D:1)
  16 goblins
  14 hobgoblins
  7 jackals
  9 kobolds
  A quokka (D:3)
  4 ball pythons
  4 frilled lizards
  4 rats
93 creatures vanquished.

Notes
Turn   | Place    | Note
-------+----------+-------------------------------------------
     0 | Abyss:1  | HawFromDerth the Minotaur Abyssal Knight began the quest
                  | for the Orb.
     0 | Abyss:1  | Reached XP level 1. HP: 19/19 MP: 1/1
    10 | D:1      | Escaped the Abyss
   139 | D:1      | Reached XP level 2. HP: 20/27 MP: 2/2
   756 | D:1      | Reached ** piety under Lugonu
   810 | D:1      | Reached XP level 3. HP: 34/34 MP: 3/3
  1164 | D:2      | Reached XP level 4. HP: 41/41 MP: 4/4
  1270 | D:2      | Found a runed translucent door.
  1271 | D:2      | Noticed Crazy Yiuf
  1634 | D:2      | Killed Crazy Yiuf
  1680 | D:3      | Reached XP level 5. HP: 43/47 MP: 5/5
  1693 | D:3      | Reached skill level 5 in Fighting
  1747 | D:3      | Noticed Robin
  1759 | D:3      | Reached skill level 5 in Long Blades
  1764 | D:3      | Reached *** piety under Lugonu
  1776 | D:3      | Killed Robin
  2339 | D:4      | Reached XP level 6. HP: 37/56 MP: 6/6
  2368 | D:4      | Found Nunku's General Store.
  2756 | D:4      | HP: 1/56 [something/puff of flame (4)]
  2757 | D:4      | Killed from afar by an orc wizard

Levels and vault maps discovered:
D:1:      lemuel_arrival_tunnels, layout_rooms, minmay_pentomino_v4
D:2:      layout_basic, uniq_crazy_yiuf_cottage
D:3:      layout_loops_cross, first_ration, uniq_robin
D:4:      layout_layer_cave, serial_shops,
          nicolae_shop_temple_entry_statues_fountains, minmay_fountain_box,
          glass_columns_c

Skill      XL: |  1  2  3  4  5 |
---------------+----------------+-----
Fighting       | 4 5 |  5.2
Armour         | 3 4 |  4.3
Long Blades    | 3 4 5 |  5.6
Dodging        | 2 |  2.4
Stealth        | |  0.1
Invocations    | |  1.8

Action                   |  1- 3 |  4- 6 || total
-------------------------+-------+-------++-------
Melee: Falchion          |    60 |   134 ||   194
       Headbutt          |    10 |    20 ||    30
  Use: Scroll            |     5 |       ||     5
       Potion            |       |     3 ||     3
  Eat: Chunk             |       |     5 ||     5
Armor: Leather armour    |     7 |       ||     7
       Ring mail         |    14 |    82 ||    96
Dodge: Dodged            |    41 |    91 ||   132
       Rpst.: Falchion   |     8 |    22 ||    30
